 Dungeon Crawl Stone Soup version 0.30.1-11-g7821555f0a (webtiles) character file.

Game seed: 5851735136640842172

260 comborobin the Slasher (level 6, -3/37 HPs)
             Began as a Tengu Delver on Dec 4, 2023.
             Was a Follower of Uskayaw.
             Slain by a kobold brigand
             ... wielding a +0 club
              (8 damage)
             ... in a sewer.
             The game lasted 00:02:02 (606 turns).

comborobin the Slasher (Tengu Delver)                Turns: 606, Time: 00:02:03

Health: -3/37      AC:  3    Str: 11 (12) XL:     6   Next: 17%
Magic:  4/7        EV: 14    Int:  8 (10) God:    Uskayaw [*.....]
Gold:   40         SH:  0    Dex: 15 (18) Spells: 5/5 levels left

rFire   . . .        j - +0 long sword
rCold   . . .        (no shield)
rNeg    . . .        b - +0 leather armour
rPois   .            (helmet restricted)
rElec   .            (no cloak)
rCorr   .            (no gloves)
SInv    .            (boots unavailable)
Will    .....        (no amulet)
Stlth   +++          (no ring)
HPRegen 0.26/turn    (no ring)
MPRegen 0.10/turn

%: no passive effects
@: flying quickly and evasively, quick
A: beak, talons 3, nimble flight
a: Renounce Religion, Stomp


You were in a sewer.
You worshipped Uskayaw.
Uskayaw was noncommittal.
You visited 1 branch of the dungeon, and saw 2 of its levels.
You also visited: Sewer.

You collected 40 gold pieces.

Inventory:

Hand Weapons
 a - a +0 falchion
 j - a +0 long sword (weapon)
Armour
 b - a +0 leather armour (worn)
Wands
 g - a wand of digging (3)


   Skills:
 - Level 3.0 Fighting
 + Level 6.9 Long Blades
 - Level 2.1 Dodging
 - Level 5.0 Stealth


You had 5 spell levels left.
You didn't know any spells.
Your spell library was empty.

Dungeon Overview and Level Annotations

Branches:
Dungeon (6/15)              Sewer (1/1)
 Temple: D:4-7

Altars:
Uskayaw


Innate Abilities, Weirdness & Mutations

You have a beak for a mouth.
You have claws for feet.
Your magical nature lets you fly swiftly and evasively.


Message History

The adder bites you.
You are poisoned.
The adder poisons you! The adder closely misses you.
You slash the adder!
You kill the adder!
You feel sick.
The kobold brigand throws a poisoned dart.
The poisoned dart barely misses you.
The kobold brigand hits you with a +0 short sword.
* * * LOW HITPOINT WARNING * * *
You stomp with the beat, sending a shockwave through the revellers around you!
The kobold brigand is moderately wounded.
You can no longer stomp with the beat.
* * * LOW HITPOINT WARNING * * *
You feel sick.
The kobold brigand splashes around in the water.
You can now stomp with the beat.
You slash the kobold brigand! You peck the kobold brigand.
You kill the kobold brigand!
You hear a splash. x2
* * * LOW HITPOINT WARNING * * *
You feel sick.
You are no longer poisoned.
You can now pass through a line of other dancers.
You feel your strength returning.
You have reached level 6!
Things that are here:
a +0 short sword; 5 poisoned darts; a kobold corpse You feel a little less mighty now.
You aren't carrying any scrolls.
You start resting.
A kobold brigand is nearby!
You aren't carrying any scrolls.
You aren't carrying any potions.
Okay, then.
Okay, then.
Things that are here:
a +0 short sword; 5 poisoned darts; a kobold corpse The kobold brigand hits you with a +0 club!
You die...

~.~~##.~ #~..~~.~
#.~~.~. #~~~~~~
#.~~~.~ #§§§§§§
####### ##§§§§§§
#.~~)~##### ##.§§§§§§
#####@K~.~####~~.§##§§
#.~~~~###~.~.~~~~####§
####### #~~~~~~~.# #§
#~~~...~## #.~
~~~~####### ~.. #####
~.. ~#


You could see a kobold brigand.

Vanquished Creatures
  A phantom (D:5)
  A kobold brigand (Sewer)
  An iguana (D:6)
  An orc wizard (D:6)
  5 adders
  A worm (D:5)
  4 orcs (D:6)
  3 giant cockroaches (D:5)
  2 jackals (D:5)
  A quokka (D:5)
  A rat (D:5)
21 creatures vanquished.

Notes
Turn   | Place    | Note
-------+----------+-------------------------------------------
     0 | D:5      | comborobin the Tengu Delver began the quest for the Orb.
     0 | D:5      | Reached XP level 1. HP: 14/14 MP: 2/2
    48 | D:6      | Reached skill level 3 in Long Blades
    48 | D:6      | Reached XP level 2. HP: 16/19 MP: 3/3
    67 | D:6      | Reached skill level 4 in Long Blades
    67 | D:6      | Reached XP level 3. HP: 16/23 MP: 4/4
   186 | D:6      | Reached XP level 4. HP: 21/28 MP: 5/5
   228 | D:6      | Noticed a black bear
   278 | D:5      | Found a hide-covered altar of Uskayaw.
   294 | D:5      | Reached skill level 5 in Long Blades
   294 | D:5      | Noticed a phantom
   305 | D:5      | Became a worshipper of Uskayaw the Reveller
   309 | D:5      | Reached * piety under Uskayaw
   313 | D:5      | Killed a phantom
   313 | D:5      | Reached ** piety under Uskayaw
   314 | D:5      | Reached skill level 6 in Long Blades
   314 | D:5      | Gained mutation: Your magical nature lets you fly swiftly
                  | and evasively. [Tengu growth]
   314 | D:5      | Reached XP level 5. HP: 6/32 MP: 6/6
   486 | D:5      | Found a glowing drain.
   490 | Sewer    | Entered a sewer
   533 | Sewer    | Noticed a kobold brigand
   543 | Sewer    | HP: 1/32 [poisoned by a kobold brigand (curare-tipped
                  | dart)]
   584 | Sewer    | Noticed a kobold brigand
   592 | Sewer    | Killed a kobold brigand
   592 | Sewer    | HP: 1/32 [poisoned by an adder]
   593 | Sewer    | Reached XP level 6. HP: 2/37 MP: 3/7
   606 | Sewer    | Slain by a kobold brigand

Illustrated notes

Levels and vault maps discovered:
D:5:      layout_basic, eat_drink_and_be_merry_uskayaw, gup_sewer_entry_spiral
D:6:      kennysheep_spiral_hall, layout_basic, minmay_temple_entry_mist
Sewer:    sewer_co_tree

Skill      XL: |  1  2  3  4 |
---------------+-------------+-----
Long Blades    | 3 4 6 |  6.9
Fighting       | |  3.0
Dodging        | |  2.1
Stealth        | |  5.0

Action                     |  1- 3 |  4- 6 || total
---------------------------+-------+-------++-------
  Melee: Falchion          |    28 |       ||    28
         Peck              |     5 |     4 ||     9
         Kick              |     9 |     5 ||    14
         Long sword        |     3 |    30 ||    33
 Invoke: Stomp             |       |     1 ||     1
    Use: Potion            |     2 |     4 ||     6
         Scroll            |       |     4 ||     4
   Stab: Sleeping          |       |     4 ||     4
 Armour: Leather armour    |     4 |     6 ||    10
  Dodge: Dodged            |    20 |    13 ||    33
